 Dungeon Crawl Stone Soup version 0.30-a0-509-gd016549fea (webtiles) character file.

Game seed: 5543261770754396128

7868 0gre the Fighter (level 11, -3/89 HPs)
             Began as a Demonspawn Berserker on Dec 22, 2022.
             Was a High Priest of Trog.
             Slain by a brown ugly thing (8 damage)
             ... on level 8 of the Dungeon.
             The game lasted 00:48:16 (8722 turns).

0gre the Fighter (Demonspawn Berserker)             Turns: 8722, Time: 00:48:17

Health: -3/89      AC:  6    Str: 23    XL:     11   Next: 2%
Magic:  0/20       EV: 13    Int: 10    God:    Trog [*****.]
Gold:   360        SH:  5    Dex: 15    Spells: 10/10 levels left

rFire   . . .      SeeInvis .    a - +4 scimitar (freeze)
rCold   + . .      Faith    .    (no shield)
rNeg    + . .      Spirit   +    x - +4 ring mail {Will+}
rPois   .          Reflect  +    l - +1 helmet
rElec   .          Harm     .    (no cloak)
rCorr   .          Rampage  .    t - +1 pair of gloves
Will    +....                    (no boots)
Stlth   ++........               L - amulet of reflection
HPRegen 0.34/turn                v - ring of magical power
MPRegen 0.34/turn                g - ring "Viruniezio" {rC+ rN+ Str+3}

@: corroded, studying Stealth
A: thin skeletal structure 1, foul stench 2, magic shield, magic regeneration
a: Renounce Religion, Berserk, Trog's Hand, Brothers in Arms


You were on level 8 of the Dungeon.
You worshipped Trog.
Trog was extremely pleased with you.
You visited 1 branch of the dungeon, and saw 9 of its levels.

You collected 475 gold pieces.
You spent 115 gold pieces at shops.

Inventory:

Hand Weapons
 a - a +4 scimitar of freezing (weapon)
 b - a +3 shortbow
 c - a +2 vorpal hand axe
 d - a +3 morningstar
 e - a +0 battleaxe
 f - a +0 vorpal broad axe
 j - a +0 longbow
Missiles
 z - 25 poisoned darts (quivered)
 B - 4 boomerangs
 H - a curare-tipped dart
Armour
 l - a +1 helmet (worn)
 t - a +1 pair of gloves (worn)
 x - a +4 ring mail of willpower (worn)
 D - a +2 robe of fire resistance
 I - the +2 ring mail "Suveg Que" {-Cast rN++}
   (You found it on level 7 of the Dungeon)

   rN:        It greatly protects you from negative energy.
   -Cast:     It prevents spellcasting.
Jewellery
 g - the ring "Viruniezio" (right hand) {rC+ rN+ Str+3}
   (You acquired it on level 7 of the Dungeon)

   [ring of protection from cold]

   Str:       It affects your strength (+3).
   rC:        It protects you from cold.
   rN:        It protects you from negative energy.
 k - a ring of resist corrosion
 r - a +4 ring of evasion
 v - a ring of magical power (left hand)
 w - a +6 ring of intelligence
 K - a ring of flight
 L - an amulet of reflection (around neck)
Wands
 n - a wand of acid (11)
 E - a wand of polymorph (16)
Scrolls
 i - 2 scrolls of poison
 p - a scroll of magic mapping {unknown}
Potions
 h - 3 potions of haste
 m - a potion of brilliance
 o - a potion of mutation {unknown}
 q - a potion of might
 s - a potion of flight {unknown}
 u - a potion of magic {unknown}
 C - 3 potions of lignification
 F - a potion of curing
 M - a potion of ambrosia {unknown}
 N - 5 potions of attraction


   Skills:
 * Level 9.6 Fighting
 * Level 6.6 Long Blades
 + Level 6.2(6.9) Axes
 - Level 4.4(6.0) Maces & Flails
 + Level 4.2 Ranged Weapons
 + Level 1.2 Throwing
 + Level 5.6 Armour
 + Level 5.1 Dodging
 + Level 1.3 Shields
 + Level 0.1 Evocations


You had 10 spell levels left.
You didn't know any spells.
Your spell library was empty.

Dungeon Overview and Level Annotations

Branches:
Dungeon (9/15)             Temple (0/1) D:6
   Lair: D:8-11         Orc: D:9-12

Altars:
Cheibriados
Fedhas
Makhleb
Qazlal
Ru
Vehumet
Xom

Shops:
D:8 [


Innate Abilities, Weirdness & Mutations

You have a somewhat thin skeletal structure. (Dex +2, Stealth+)
You sometimes emit foul miasma when damaged in melee.
When hurt, damage is shared between your health and your magic reserves.
You regenerate magic rapidly.


Message History

You kill the centaur!
Trog accepts your kill.
The kobold brigand throws a poisoned dart.
You reflect the poisoned dart off an invisible shield around you!
The poisoned dart hits the kobold brigand!
The kobold brigand is poisoned.
The brown ugly thing barely misses you.
You slice the brown ugly thing!! You freeze the brown ugly thing!
You punch the brown ugly thing.
The brown ugly thing is heavily wounded.
The brown ugly thing pecks you!
You are splashed with acid!
* * * LOW HITPOINT WARNING * * *
You emit a cloud of foul miasma!
The brown ugly thing is engulfed in dark miasma.
The brown ugly thing is poisoned.
There is a stone staircase leading up, spattered with blood here.
The brown ugly thing pecks you.
* * * LOW HITPOINT WARNING * * *
You are splashed with acid.
* * * LOW HITPOINT WARNING * * *
You climb upwards.
There is a stone staircase leading down here.
You hit the brown ugly thing. You freeze the brown ugly thing.
The brown ugly thing is severely wounded.
The brown ugly thing pecks you!
* * * LOW HITPOINT WARNING * * *
The acid corrodes you!
You are splashed with acid!
* * * LOW HITPOINT WARNING * * *
You hit the brown ugly thing. You freeze the brown ugly thing.
The brown ugly thing is severely wounded.
The brown ugly thing closely misses you.
You barely miss the brown ugly thing.
The brown ugly thing is severely wounded.
The brown ugly thing pecks you.
* * * LOW HITPOINT WARNING * * *
The acid corrodes you!
You are splashed with acid!
* * * LOW HITPOINT WARNING * * *
You hit the brown ugly thing. You freeze the brown ugly thing.
The brown ugly thing is severely wounded.
The brown ugly thing pecks you!
You die...

..#...#..#.....<......#
......#..##....##.....#
...#........#..##.....#
...#..#....##......#..#
......####....##..##.##
.......#......#...####
#..........#..##...###
#(>....##.######...#.#####
##.....##...# #.@u.......#
##.#######.####..........#
...# ####..##.##.........#
.#####................####
.###.......#..###......####
........<.....##........#.##
..............####.........#
.............######........#
.........#'#.# #.....<.....#


You could see a brown ugly thing (poisoned).

Vanquished Creatures
  A boulder beetle (D:9)
  A two-headed ogre (D:8)
  A centaur warrior (D:8)
  Pikel (D:7)
  A cyclops (D:6)
  Joseph (D:8)
  Maggie (D:8)
  An unseen horror (D:6)
  A troll (D:9)
  Grinder (D:4)
  A shadow (D:6)
  A basilisk (D:8)
  A yak (D:9)
  A vampire mosquito (D:5)
  Menkaure (D:5)
  A steam dragon (D:6)
  A water moccasin (D:8)
  An orc warrior (D:9)
  An ice beast (D:7)
  5 black bears
  An ogre (D:6)
  2 centaurs
  3 kobold brigands (D:7)
  2 necrophages
  2 gnoll sergeants
  3 bullfrogs
  11 wights
  2 scorpions
  8 hounds
  2 jellies
  An orc priest (D:8)
  5 orc wizards
  Terence (D:3)
  3 iguanas (D:5)
  14 gnolls
  6 adders
  A white imp (D:8)
  An ufetubus (D:5)
  A worm (D:4)
  2 dart slugs
  30 orcs
  7 ball pythons
  7 endoplasms
  5 giant cockroaches
  8 goblins
  10 hobgoblins
  3 jackals (D:3)
  22 kobolds
  8 quokkas
  5 bats
  4 frilled lizards
  6 rats
  A butterfly (D:3)
211 creatures vanquished.

Notes
Turn   | Place    | Note
-------+----------+-------------------------------------------
     0 | D:1      | 0gre the Demonspawn Berserker began the quest for the Orb.
     0 | D:1      | Reached XP level 1. HP: 18/18 MP: 1/1
    96 | D:1      | Found a faded altar of an unknown god.
   113 | D:1      | Gained mutation: You regenerate magic rapidly. [demonic
                  | ancestry]
   113 | D:1      | Reached XP level 2. HP: 24/24 MP: 2/2
   459 | D:1      | Gained mutation: You may rarely emit foul miasma when
                  | damaged in melee. [demonic ancestry]
   459 | D:1      | Reached XP level 3. HP: 30/30 MP: 3/3
   717 | D:2      | Reached ** piety under Trog
  1422 | D:3      | Noticed an air elemental
  1424 | D:3      | Found a stormy altar of Qazlal.
  1425 | D:3      | Noticed a water elemental
  1425 | D:3      | Noticed an earth elemental
  1425 | D:3      | Noticed a fire elemental
  1428 | D:3      | Noticed Terence
  1443 | D:3      | Killed Terence
  1444 | D:3      | Gained mutation: When hurt, damage is shared between your
                  | health and your magic reserves. [demonic ancestry]
  1444 | D:3      | Reached XP level 4. HP: 13/37 MP: 4/4
  1660 | D:3      | Reached skill level 4 in Fighting
  1660 | D:3      | Reached skill level 1 in Long Blades
  1660 | D:3      | Reached skill level 1 in Ranged Weapons
  1795 | D:3      | Found a shimmering altar of Xom.
  2512 | D:4      | Reached XP level 5. HP: 37/42 MP: 5/5
  2564 | D:4      | Noticed Grinder
  2589 | D:4      | Reached *** piety under Trog
  2655 | D:4      | Paralysed by Grinder for 4 turns
  2661 | D:4      | Killed Grinder
  2662 | D:4      | Reached skill level 5 in Fighting
  2662 | D:4      | Gained mutation: You have a somewhat thin skeletal
                  | structure. (Dex +2, Stealth+) [demonic ancestry]
  2662 | D:4      | Reached XP level 6. HP: 24/51 MP: 6/6
  2774 | D:4      | Reached XP level 7. HP: 37/56 MP: 5/7
  3404 | D:5      | Entered Level 5 of the Dungeon
  3446 | D:5      | Found a burning altar of Makhleb.
  3498 | D:5      | Noticed Menkaure
  3505 | D:5      | Killed Menkaure
  3506 | D:5      | Reached skill level 5 in Axes
  3548 | D:5      | Reached skill level 6 in Fighting
  3548 | D:5      | Reached XP level 8. HP: 44/64 MP: 8/8
  3702 | D:5      | HP: 4/96 [gnoll sergeant/+0 spear (3)]
  3707 | D:5      | HP: 4/97 [something (1)]
  4145 | D:5      | Reached **** piety under Trog
  4190 | D:5      | Reached skill level 1 in Maces & Flails
  4540 | D:6      | Reached skill level 7 in Fighting
  4621 | D:6      | Noticed a cyclops
  4629 | D:6      | Killed a cyclops
  4630 | D:6      | Reached XP level 9. HP: 72/72 MP: 9/9
  5092 | D:6      | Found a snail-covered altar of Cheibriados.
  5363 | D:6      | Found a staircase to the Ecumenical Temple.
  5549 | D:6      | Killed an unseen horror
  5550 | D:6      | Reached skill level 8 in Fighting
  5550 | D:6      | Reached skill level 1 in Throwing
  6017 | D:7      | Identified the +2 ring mail "Suveg Que" {-Cast rN++}
  6033 | D:7      | Reached skill level 5 in Armour
  6068 | D:7      | Found a sacrificial altar of Ru.
  6126 | D:7      | Noticed Pikel
  6146 | D:7      | Killed Pikel
  6300 | D:7      | Reached XP level 10. HP: 81/82 MP: 10/10
  6658 | D:7      | Found a radiant altar of Vehumet.
  7183 | D:7      | Identified a scroll of acquirement
  7313 | D:7      | Acquired the ring "Viruniezio" {rC+ rN+ Str+3}
  7379 | D:8      | Noticed Joseph
  7380 | D:8      | Noticed a two-headed ogre
  7397 | D:8      | Killed a two-headed ogre
  7408 | D:8      | Reached skill level 5 in Long Blades
  7482 | D:8      | Killed Joseph
  7483 | D:8      | Reached skill level 9 in Fighting
  7617 | D:8      | Found a blossoming altar of Fedhas.
  7796 | D:8      | Noticed Maggie
  7814 | D:8      | Killed Maggie
  8020 | D:8      | Found Ehaegg's Armour Shop.
  8027 | D:8      | Bought a +1 pair of gloves for 115 gold pieces
  8228 | D:9      | Noticed a brown ugly thing
  8239 | D:9      | Reached ***** piety under Trog
  8240 | D:9      | Reached skill level 1 in Shields
  8518 | D:9      | Noticed a boulder beetle
  8531 | D:9      | Noticed a centaur warrior
  8542 | D:8      | Killed a centaur warrior
  8696 | D:9      | Noticed a manticore
  8710 | D:9      | Killed a boulder beetle
  8711 | D:9      | Reached skill level 5 in Dodging
  8711 | D:9      | Gained mutation: You sometimes emit foul miasma when
                  | damaged in melee. [demonic ancestry]
  8711 | D:9      | Reached XP level 11. HP: 41/89 MP: 11/11
  8721 | D:8      | HP: 4/89 [acid (5)]
  8722 | D:8      | Slain by a brown ugly thing

Illustrated notes

Levels and vault maps discovered:
D:1:      lightli_iron_boxes, layout_basic, ebering_ecumenical_altar_sacrificial
D:2:      layout_loops_cross
D:3:      layout_basic, xom_butterflies, nicolae_qazlal_style_of_elements,
          uniq_terence
D:4:      kennysheep_big_flooded_room, layout_gridville, uniq_grinder
D:5:      layout_cave_pools, mainiacjoe_overflow_brackets, minmay_manual_mess,
          uniq_menkaure
D:6:      minmay_cornered_nines, layout_basic, mainiacjoe_overflow_catwalk,
          minmay_temple_entry_slanted, kennysheep_generic_room_11
D:7:      nicolae_cairo_tiling_large, layout_loops_cross,
          nicolae_ru_awakened_eye, nicolae_overflow_hidden_temple, uniq_pikel
D:8:      layout_cave_pools, fedhas_ov_isle_minmay, serial_shops,
          kennysheep_mini, uniq_maggie, uniq_joseph
D:9:      minmay_the_grid_square_5x5_4x4 [minmay_the_grid_square_5x5_mess,
          minmay_the_grid_square_5x5_longway,
          minmay_the_grid_square_5x5_minivault,
          minmay_the_grid_square_5x5_broken_cross,
          minmay_the_grid_square_5x5_eight,
          minmay_the_grid_square_5x5_prize_pseudospiral,
          minmay_the_grid_square_5x5_prize_itemx,
          minmay_the_grid_square_5x5_shrine1,
          minmay_the_grid_square_5x5_inner_v,
          minmay_the_grid_square_5x5_prize_deathbox,
          minmay_the_grid_square_5x5_prize_open,
          minmay_the_grid_square_5x5_inner_i,
          minmay_the_grid_square_5x5_detours, minmay_the_grid_square_5x5_comb,
          minmay_the_grid_square_5x5_two_small,
          minmay_the_grid_square_5x5_spiral], layout_basic,
          nicolae_wu_jian_immortal_techniques, serial_glass, glass_columns_c,
          glass_columns_a

Skill      XL: |  1  2  3  4  5  6  7  8  9 10 |
---------------+-------------------------------+-----
Axes           | 3 4 5 6 |  6.2
Armour         | 2 3 4 5 |  5.6
Dodging        | 2 4 5 |  5.1
Fighting       | 4 5 6 7 8 9 |  9.6
Long Blades    | 1 2 6 |  6.6
Ranged Weapons | 1 3 4 |  4.2
Maces & Flails | 3 4 |  4.4
Throwing       | 1 |  1.2
Shields        | 1 |  1.3
Evocations     | |  0.1

Action                   |  1- 3 |  4- 6 |  7- 9 | 10-12 || total
-------------------------+-------+-------+-------+-------++-------
Melee: Hand axe          |   114 |    97 |   123 |       ||   334
       Punch             |       |       |     5 |     4 ||     9
       Morningstar       |       |       |   144 |     7 ||   151
       Scimitar          |       |       |    31 |   151 ||   182
 Fire: Shortbow          |       |       |    53 |    50 ||   103
Throw: Dart              |       |       |     3 |     2 ||     5
Invok: Berserk           |     2 |     2 |     3 |     1 ||     8
       Trog's Hand       |       |     1 |       |     1 ||     2
Evoke: Wand              |       |       |     1 |     1 ||     2
  Use: Scroll            |     3 |       |     3 |    14 ||    20
       Potion            |       |     1 |       |     2 ||     3
 Stab: Sleeping          |       |       |     1 |       ||     1
Armor: Animal skin       |    10 |       |       |       ||    10
       Chain mail        |    20 |     7 |       |       ||    27
       Ring mail         |       |    44 |   151 |    64 ||   259
Dodge: Dodged            |    68 |    70 |   299 |   108 ||   545
Block: Other             |       |       |       |    43 ||    43
       Reflection        |       |       |       |     5 ||     5

Table legend: (Time is in decaauts)
 A = Elapsed time spent in this place.
 B = Non-inter-level travel time spent in this place.
 C = Inter-level travel time spent in this place.
 D = Time resting spent in this place.
 E = Time spent auto-exploring this place.
 F = Levels seen in this place.
 G = Mean time per level.
                   A        B        C        D        E       F      G
               +--------+--------+--------+--------+--------+-----+--------+
         Total |   8899 |   8527 |    372 |   1555 |   4828 |   9 |  988.8 |
       Dungeon |   8899 |   8527 |    372 |   1555 |   4828 |   9 |  988.8 |
               +--------+--------+--------+--------+--------+-----+--------+

Top non-repeatable levels by time:
     D:7: 1662 daAuts
     D:6: 1269 daAuts
     D:8: 1170 daAuts
     D:3: 1144 daAuts
     D:5: 1134 daAuts
     D:4: 930 daAuts
     D:1: 733 daAuts
     D:2: 665 daAuts
     D:9: 188 daAuts
